 Dungeon Crawl Stone Soup version 0.30-a0-4-ga7cffc901d (webtiles) character file.

Game seed: 6359825513718284460

28 NotreDorf the Grave Robber (level 2, -7/19 HPs)
             Began as a Mummy Necromancer on Aug 20, 2022.
             Mangled by Sigmund
             ... wielding a +4 scythe of flaming
              (11 damage)
             ... on level 2 of the Dungeon.
             The game lasted 00:04:56 (1467 turns).

NotreDorf the Grave Robber (Mummy Necromancer)      Turns: 1467, Time: 00:04:57

Health: -7/19      AC:  2    Str: 11    XL:     2   Next: 96%
Magic:  3/6        EV: 12    Int: 14    God:
Gold:   90         SH:  0    Dex: 12    Spells: 6/7 levels left

rFire   x . .      SeeInvis .    f - +0 short sword
rCold   + . .      Faith    .    (no shield)
rNeg    + + +      Spirit   .    a - +0 robe
rPois   ∞          Reflect  .    (no helmet)
rElec   .          Harm     .    (no cloak)
rCorr   .          Rampage  .    (no gloves)
Will    .....                    (no boots)
Stlth   ++........               (no amulet)
HPRegen 0.06/turn                (no ring)
MPRegen 0.10/turn                (no ring)

@: no status effects
A: cold resistance 1, negative energy resistance 3, torment resistance 2, heat
vulnerability 1, no potions
a: no special abilities


You were on level 2 of the Dungeon.
You visited 1 branch of the dungeon, and saw 2 of its levels.

You collected 90 gold pieces.

Inventory:

Hand Weapons
 f - a +0 short sword (weapon)
Armour
 a - a +0 robe (worn)
Scrolls
 b - 3 scrolls of magic mapping {unknown}
 c - 3 scrolls of identify {unknown}
 d - a scroll of vulnerability {unknown}


   Skills:
 + Level 2.0 Dodging
 + Level 2.0 Stealth
 + Level 3.1 Spellcasting
 + Level 4.2 Necromancy


You had 6 spell levels left.
You knew the following spells:

 Your Spells              Type           Power      Damage    Failure   Level
a - Necrotise             Necr           56%        1d6       3%          1

Your spell library contained the following spells:

 Spells                   Type           Power      Damage    Failure   Level
 Vampiric Draining        Necr           14%        2d7       11%         3
 Animate Dead             Necr           14%        N/A       36%         4
 Call Canine Familiar     Summ           2%         N/A       54%         3
 Portal Projectile        Hex/Tloc       4%         N/A       54%         3
 Agony                    Necr           14%        N/A       71%         5
 Leda's Liquefaction      Hex/Erth       1%         N/A       91%         4
 Freezing Cloud           Conj/Ice/Air   1%         6-21      99%         5
 Simulacrum               Ice/Necr       4%         N/A       100%        6
 Polar Vortex             Ice            1%         N/A       100%        9


Dungeon Overview and Level Annotations

Branches:
Dungeon (2/15)

Altars:

Annotations:
D:2 Sigmund


Innate Abilities, Weirdness & Mutations

You are immune to poison.
Your flesh is cold resistant. (rC+)
You are immune to negative energy. (rN+++)
You are immune to unholy pain and torment.
You are vulnerable to heat. (rF-)
You do not drink.


Message History

Casting: Necrotise (safe; 3% risk of failure)
Confirm with . or Enter, or press ? or * to list all spells.
Aiming: Necrotise (safe; 3% risk of failure)
Press: ? - help, Shift-Dir - straight line, f - giant cockroach
Aim: a giant cockroach (asleep, chance to affect: 84%)
The giant cockroach writhes in agony.
You kill the giant cockroach!
b - 3 scrolls labelled KUNUIDA SIESE
Found a stone staircase leading up.
You now have 90 gold pieces (gained 6).
You open the door.
Found a stone staircase leading down.
There is an open door here.
Sigmund the Dreaded comes into view.
He is wielding a +4 scythe of flaming.
Casting: Necrotise (safe; 3% risk of failure)
Confirm with . or Enter, or press ? or * to list all spells.
Aiming: Necrotise (safe; 3% risk of failure)
Press: ? - help, Shift-Dir - straight line, f - Sigmund
Aim: Sigmund, wielding a +4 scythe of flaming and wearing a +0 robe (asleep, chance to affect: 78%) Sigmund shouts!
Sigmund barely resists.
Sigmund gestures at you while chanting. The puff of flame hits you!
The fire burns you terribly!
Ouch! That really hurt!
* * * LOW HITPOINT WARNING * * *
Casting: Necrotise (safe; 3% risk of failure)
Confirm with . or Enter, or press ? or * to list all spells.
Aiming: Necrotise (safe; 3% risk of failure)
Press: ? - help, Shift-Dir - straight line, f/p - Sigmund
Aim: Sigmund, wielding a +4 scythe of flaming and wearing a +0 robe (chance to affect: 78%) Sigmund writhes in agony.
Casting: Necrotise (safe; 3% risk of failure)
Confirm with . or Enter, or press ? or * to list all spells.
Aiming: Necrotise (safe; 3% risk of failure)
Press: ? - help, Shift-Dir - straight line, f/p - Sigmund
Aim: Sigmund, wielding a +4 scythe of flaming and wearing a +0 robe (lightly wounded, chance to affect: 78%) Sigmund writhes in agony.
Sigmund hits you from afar with a +4 scythe of flaming!
Ouch! That really hurt!
You die...

### #..
#######.#
.....@.>#
#@# #.# #.#
#.#
######'#####
#..........#
#..........#
#..........+
#..........#


You could see Sigmund.

Vanquished Creatures
  3 endoplasms
  2 giant cockroaches
  3 goblins (D:2)
  A hobgoblin (D:1)
  6 ball pythons
  3 bats
  A kobold (D:1)
19 creatures vanquished.

Vanquished Creatures (collateral kills)
  An endoplasm (D:2)
  A goblin (D:1)
  A quokka (D:1)
  A ball python (D:1)
  A rat (D:1)
5 creatures vanquished.

Grand Total: 24 creatures vanquished

Notes
Turn   | Place    | Note
-------+----------+-------------------------------------------
     0 | D:1      | NotreDorf the Mummy Necromancer began the quest for the
                  | Orb.
     0 | D:1      | Reached XP level 1. HP: 13/13 MP: 4/4
   249 | D:1      | Reached XP level 2. HP: 19/19 MP: 2/5
   316 | D:1      | Found a faded altar of an unknown god.
  1464 | D:2      | Noticed Sigmund
  1467 | D:2      | Mangled by Sigmund

Illustrated notes

Levels and vault maps discovered:
D:1:      heliophobic_arrival_ceremonial_halls, layout_basic,
          nicolae_ecumenical_snake_handling, minmay_misc_feat_tower
D:2:      layout_basic, minmay_tetromino_t2, uniq_sigmund

Skill      XL: |  1  2 |
---------------+-------+-----
Spellcasting   | 3 |  3.1
Stealth        | 2 |  2.0
Dodging        | 2 |  2.0
Necromancy     | |  4.2

Action                   || total
-------------------------++-------
Melee: Unarmed           ||     8
       Dagger            ||     2
 Cast: Necrotise         ||    36
Armor: Robe              ||     4
Dodge: Dodged            ||     7

Table legend: (Time is in decaauts)
 A = Elapsed time spent in this place.
 B = Non-inter-level travel time spent in this place.
 C = Inter-level travel time spent in this place.
 D = Time resting spent in this place.
 E = Time spent auto-exploring this place.
 F = Levels seen in this place.
 G = Mean time per level.
                   A        B        C        D        E       F      G
               +--------+--------+--------+--------+--------+-----+--------+
         Total |   1465 |   1416 |     49 |      0 |   1159 |   2 |  732.5 |
       Dungeon |   1465 |   1416 |     49 |      0 |   1159 |   2 |  732.5 |
               +--------+--------+--------+--------+--------+-----+--------+

Top non-repeatable levels by time:
     D:1: 1124 daAuts
     D:2: 341 daAuts
